 Dungeon Crawl Stone Soup version 0.30-a0-919-g9323dee000 (webtiles) character file.

Game seed: 10043509874384524255

205 Abuh the Chopper (level 5, -3/35 (47) HPs)
             Began as a Minotaur Fighter on Mar 21, 2023.
             Slain by Edmund
             ... wielding a +2 dire flail of draining
              (11 damage)
             ... on level 4 of the Dungeon.
             The game lasted 00:19:55 (3058 turns).

Abuh the Chopper (Minotaur Fighter)                 Turns: 3058, Time: 00:19:56

HP:   -3/35 (47)    AC:  7    Str: 22    XL:     5   Next: 53%
MP:   4/4           EV:  9    Int:  5    God:
Gold: 80            SH:  4    Dex: 10    Spells: 4/4 levels left

rFire   . . .      SeeInvis .    a - +0 war axe
rCold   . . .      Faith    .    c - +0 buckler
rNeg    . . .      Spirit   .    b - +0 scale mail
rPois   .          Reflect  .    (helmet restricted)
rElec   .          Rampage  .    (no cloak)
rCorr   .                        (no gloves)
Will    .....                    (no boots) Stlth
                                 (no amulet)
HPRegen 0.25/turn                (no ring)
MPRegen 0.09/turn                (no ring)

@: very heavily drained
A: horns 2, retaliatory headbutt
a: no special abilities


You were on level 4 of the Dungeon.
You visited 1 branch of the dungeon, and saw 4 of its levels.

You collected 80 gold pieces.

Inventory:

Hand Weapons
 a - a +0 war axe (weapon)
Missiles
 e - 27 stones (quivered)
Armour
 b - a +0 scale mail (worn)
 c - a +0 buckler (worn)
Jewellery
 g - a ring of wizardry
Wands
 n - a wand of paralysis (8)
Scrolls
 h - a scroll of immolation
 i - 2 scrolls of identify
 k - a scroll of magic mapping
 l - a scroll of teleportation
Potions
 d - a potion of might
 f - 2 potions of flight
 j - 2 potions of heal wounds {unknown}
 m - 2 potions of mutation {unknown}
 p - a potion of curing {unknown}


   Skills:
 + Level 4.6 Fighting
 * Level 4.8 Axes
 + Level 4.6 Armour
 + Level 4.7 Shields


You had 4 spell levels left.
You didn't know any spells.
Your spell library contained the following spells:

 Spells                   Type           Power      Damage    Failure   Level
 Static Discharge         Conj/Air       0%         2-2/arc   95%         2
 Vhi's Electric Charge    Tloc/Air       0%         N/A       99%         3
 Arcjolt                  Conj/Air       0%         1d10      100%        5
 Plasma Beam              Fire/Air       0%         2x1d11    100%        5


Dungeon Overview and Level Annotations

Branches:
Dungeon (4/15)
 Temple: D:4-7

Altars:
Kikubaaqudgha

Annotations:
D:4 Duvessa, Edmund


Innate Abilities, Weirdness & Mutations

You have a pair of horns on your head.
You reflexively headbutt those who attack you in melee.


Message History

You hit Edmund. You headbutt Edmund, but do no damage.
Edmund is moderately wounded.
Edmund clears his throat.
You block Edmund's attack.
Edmund hits you with a +2 dire flail of draining.
You feel drained.
You hit Edmund. You headbutt Edmund, but do no damage.
Edmund is moderately wounded.
Edmund hits you with a +2 dire flail of draining.
You feel drained.
You completely miss Edmund.
Edmund is moderately wounded.
Edmund says, "Everyone always remembers my brother. 'Who's Edmund?' they ask!"
Edmund hits you with a +2 dire flail of draining!
You feel drained.
* * * LOW HITPOINT WARNING * * *
You hit Edmund but do no damage.
Edmund is moderately wounded.
Edmund barely misses you. x2; You furiously retaliate!
You headbutt Edmund. You hit Edmund.
Edmund is heavily wounded.
Edmund hits you but does no damage.
You feel drained.
You hit Edmund.
Edmund is heavily wounded.
Edmund hits you with a +2 dire flail of draining.
* * * LOW HITPOINT WARNING * * *
You feel drained.
* * * LOW HITPOINT WARNING * * *
You hit Edmund but do no damage. You headbutt Edmund!
Edmund is severely wounded.
Edmund hits you with a +2 dire flail of draining.
* * * LOW HITPOINT WARNING * * *
You feel drained.
You hit Edmund but do no damage. You headbutt Edmund!
Edmund is almost dead.
Edmund hits you with a +2 dire flail of draining.
* * * LOW HITPOINT WARNING * * *
You feel drained.
Edmund hits you with a +2 dire flail of draining!
You die...

###########...##
...............#
#..............#
#####...#####....
###...### #### #.......# .
#.#...#.# ##. # #.#...#.#
.. .. #######.#.###@# .#
.. #.........###@# ##.##.#
#.###.#......w# #.....
#.##.##.#..)#.####..##
#.##.......###.......#
#.##.##.#...#.####....w...
#.##..#.#..#.# #.#.##.##
#........#.### #.....
####.#####.# ##.####


You could see Edmund and a dart slug.

Vanquished Creatures
  Jessica (D:2)
  An iguana (D:4)
  2 adders
  4 gnolls (D:4)
  An ufetubus (D:4)
  A worm (D:3)
  3 dart slugs
  4 orcs
  9 bats
  13 endoplasms
  4 giant cockroaches
  10 goblins
  9 hobgoblins
  3 quokkas
  2 ball pythons
  3 frilled lizards
  3 kobolds
  3 rats
76 creatures vanquished.

Notes
Turn   | Place    | Note
-------+----------+-------------------------------------------
     0 | D:1      | Abuh the Minotaur Fighter began the quest for the Orb.
     0 | D:1      | Reached XP level 1. HP: 19/19 MP: 0/0
   165 | D:1      | Reached XP level 2. HP: 27/27 MP: 1/1
   929 | D:2      | Reached XP level 3. HP: 33/33 MP: 2/2
  1006 | D:2      | Noticed Jessica
  1017 | D:2      | Killed Jessica
  1145 | D:2      | Reached XP level 4. HP: 40/40 MP: 3/3
  1220 | D:2      | Found an ancient bone altar of Kikubaaqudgha.
  2643 | D:4      | Reached XP level 5. HP: 41/47 MP: 4/4
  2972 | D:4      | Noticed Duvessa
  3037 | D:4      | Noticed Edmund
  3058 | D:4      | Slain by Edmund

Illustrated notes

Levels and vault maps discovered:
D:1:      scummos_arrival_forest, layout_loops_ring, minmay_misc_feat_tower,
          minmay_hedge_maze, amethyst_killhole
D:2:      layout_loops_cross, basic_altar, kennysheep_nub, uniq_jessica
D:3:      layout_loops_cross, minmay_pentomino_pile
D:4:      layout_loops_cross, minmay_temple_entry_enclosed_plants,
          columned_hall_lemuel, uniq_edmund, uniq_duvessa

Skill      XL: |  1  2  3  4 |
---------------+-------------+-----
Axes           | 3 4 |  4.8
Fighting       | 4 |  4.6
Shields        | 4 |  4.7
Armour         | 4 |  4.6

Action                     |  1- 3 |  4- 6 || total
---------------------------+-------+-------++-------
  Melee: War axe           |    99 |   117 ||   216
         Headbutt          |    21 |    18 ||    39
    Use: Scroll            |     1 |     7 ||     8
 Armour: Scale mail        |    30 |    45 ||    75
  Dodge: Dodged            |    35 |    40 ||    75
  Block: Buckler           |    13 |    30 ||    43

Table legend: (Time is in decaauts)
 A = Elapsed time spent in this place.
 B = Non-inter-level travel time spent in this place.
 C = Inter-level travel time spent in this place.
 D = Time resting spent in this place.
 E = Time spent auto-exploring this place.
 F = Levels seen in this place.
 G = Mean time per level.
                   A        B        C        D        E       F      G
               +--------+--------+--------+--------+--------+-----+--------+
         Total |   3132 |   3044 |     88 |    565 |   1678 |   4 |  783.0 |
       Dungeon |   3132 |   3044 |     88 |    565 |   1678 |   4 |  783.0 |
               +--------+--------+--------+--------+--------+-----+--------+

Top non-repeatable levels by time:
     D:1: 920 daAuts
     D:2: 872 daAuts
     D:3: 857 daAuts
     D:4: 482 daAuts
